 Dungeon Crawl Stone Soup version 0.29.1-15-g9cfb28693d (webtiles) character file.

Game seed: 12744476777563828307

14 coffeetime the Trooper (level 2, 0/27 HPs)
             Began as a Minotaur Berserker on July 10, 2023.
             Was a Follower of Trog.
             Succumbed to a kobold's poison
             ... on level 1 of the Dungeon.
             The game lasted 00:01:25 (492 turns).

coffeetime the Trooper (Minotaur Berserker)          Turns: 492, Time: 00:01:26

Health: 0/27       AC:  3    Str: 21    XL:     2   Next: 31%
Magic:  1/1        EV: 11    Int:  4    God:    Trog [*.....]
Gold:   27         SH:  0    Dex:  9    Spells: 1/1 levels left

rFire   . . .      SeeInvis .   a - +0 hand axe
rCold   . . .      Faith    .   (no shield)
rNeg    . . .      Spirit   .   k - +0 leather armour
rPois   .          Reflect  .   (helmet restricted)
rElec   .          Harm     .   (no cloak)
rCorr   .          Rampage  .   (no gloves)
Will    .....                   (no boots)
Stlth   +.........              (no amulet)
HPRegen 0.09/turn               (no ring)
MPRegen 0.07/turn               (no ring)

@: lethally poisoned (0 -> -1), attractive
A: horns 2, retaliatory headbutt
a: Renounce Religion, Berserk


You were on level 1 of the Dungeon.
You worshipped Trog.
Trog was aware of your devotion.
You visited 1 branch of the dungeon, and saw 2 of its levels.

You collected 27 gold pieces.

Inventory:

Hand Weapons
 a - a +0 hand axe (weapon)
 e - a +0 mace
 j - a +2 dagger of flaming
Missiles
 g - 7 stones (quivered)
 h - 5 poisoned darts
Armour
 b - a +0 animal skin
 k - a +0 leather armour (worn)
Jewellery
 i - a ring of flight
Scrolls
 c - a scroll of vulnerability {unknown}
 d - a scroll of blinking {unknown}


   Skills:
 + Level 4.2 Fighting
 + Level 3.8 Axes
 + Level 2.6 Armour
 + Level 2.3 Dodging


You had one spell level left.
You didn't know any spells.
Your spell library was empty.

Dungeon Overview and Level Annotations

Branches:
Dungeon (2/15)

Altars:


Innate Abilities, Weirdness & Mutations

You have a pair of horns on your head.
You reflexively headbutt those who attack you in melee.


Message History

You see here a +0 dagger.
You see here a +0 dagger.
You barely miss the kobold.
The kobold hits you with a +2 dagger of venom.
You are poisoned.
You hit the kobold. Your punch misses the kobold.
The kobold is heavily wounded.
You feel very sick. The kobold hits you but does no damage.
You are more poisoned.
You barely miss the kobold.
The kobold is heavily wounded.
You feel very sick. The kobold hits you but does no damage.
The kobold hits you with a +2 dagger of venom.
You closely miss the kobold. You headbutt the kobold.
You kill the kobold!
Trog accepts your kill.
You feel very sick.
* * * LOW HITPOINT WARNING * * *
You feel sick.
Things that are here:
a +2 dagger of venom; a kobold corpse It was a potion of attraction.
You feel attractive to monsters.
* * * LOW HITPOINT WARNING * * *
You feel sick.
Okay, then.
* * * LOW HITPOINT WARNING * * *
You feel sick.
You see here a +0 dagger.
* * * LOW HITPOINT WARNING * * *
You feel sick.
* * * LOW HITPOINT WARNING * * *
You feel sick.
* * * LOW HITPOINT WARNING * * *
You feel sick.
* * * LOW HITPOINT WARNING * * *
You feel sick.
You die...

#...##......#.
##.........#.
.........#. #
#)......#.
#.......†.#.
#.#####..†..
#...........
#.##########..#..###.
#...@....))..........
############.########
......).........
.......K########
........# # ........#
# ......... #
......... .........


There were no monsters in sight!

Vanquished Creatures
  A bat (D:1)
  An endoplasm (D:1)
  2 giant cockroaches (D:1)
  2 hobgoblins
  A ball python (D:1)
  2 frilled lizards (D:1)
  2 goblins (D:1)
  2 kobolds (D:1)
13 creatures vanquished.

Notes
Turn   | Place    | Note
-------+----------+-------------------------------------------
     0 | D:1      | coffeetime the Minotaur Berserker began the quest for the
                  | Orb.
     0 | D:1      | Reached XP level 1. HP: 19/19 MP: 0/0
    90 | D:1      | You fall into a shaft and drop 1 floor!
   398 | D:1      | Reached skill level 4 in Fighting
   401 | D:1      | Reached XP level 2. HP: 27/27 MP: 1/1
   491 | D:1      | HP: 1/27 [poisoned by a kobold]
   492 | D:1      | Succumbed to a kobold's poison

Illustrated notes

Levels and vault maps discovered:
D:1:      shiori_shiawase, layout_basic
D:2:      layout_basic, basic_ecumenical_altar, serial_shops,
          nicolae_shop_statue_plus, uniq_natasha

Skill      XL: |  1 |
---------------+----+-----
Fighting       | 4 |  4.2
Axes           | |  3.8
Armour         | |  2.6
Dodging        | |  2.3

Action                   || total
-------------------------++-------
Melee: Hand axe          ||    27
       Headbutt          ||     5
  Use: Potion            ||     1
Armor: Animal skin       ||     3
       Leather armour    ||     5
Dodge: Dodged            ||    17
